 Dungeon Crawl Stone Soup version 0.31-a0-200-gbc41564c69 (webtiles) character file.

Game seed: 15475133488262107527

2357 NoAnimeNoLife the Nimble (level 9, -3/44 HPs)
             Began as a Felid Chaos Knight on June 26, 2023.
             Was an Initiate of Gozag.
             Slain by a two-headed ogre
             ... wielding a +0 giant club
              (23 damage)
             ... on level 9 of the Dungeon.
             The game lasted 00:31:59 (11649 turns).

NoAnimeNoLife the Nimble (Felid Chaos Knight)      Turns: 11649, Time: 00:32:00

Health: -3/44      AC:  8    Str:  7    XL:     9   Next: 20%
Magic:  11/11      EV: 26    Int: 15    God:    Gozag
Gold:   401        SH:  0    Dex: 21    Spells: 10/10 levels left
                                        Lives:  0   Deaths: 2

rFire   . .          .
                       - Unarmed
rCold   + . .        (shield unavailable)
rNeg    . . .        (body armour unavailable)
rPois   .            (helmet unavailable)
rElec   .            (cloak unavailable)
rCorr   .            (gloves unavailable)
SInv    +            (boots unavailable)
Will    +....        b - amulet of the acrobat
Stlth   +++++        e - ring "Fetiraz" {AC+4 Int-5 Dex+5 Stlth+}
HPRegen 0.27/turn    g - ring of flight
MPRegen 0.12/turn

%: acrobat
@: flying, quick
A: very small, claws 1, fangs 3, see invisible, speed 1, shaggy fur 2, stealthy
paws, no weapons or thrown items, no armour, multi-lived, horns 1, iridescent
scales 1, clever 1, cold resistance 1, robust 2, wild magic 1
a: Renounce Religion, Potion Petition, Call Merchant, Bribe Branch


You were on level 9 of the Dungeon.
You worshipped Gozag.
Gozag was aware of your devotion.
You visited 2 branches of the dungeon, and saw 10 of its levels.
You also visited: Ossuary.

You collected 989 gold pieces.
You spent 458 gold pieces at shops.
You paid 130 gold pieces to Gozag.

Inventory:

Jewellery
 b - an amulet of the acrobat (around neck)
 e - the ring "Fetiraz" (left paw) {AC+4 Int-5 Dex+5 Stlth+}
   (You bought it in a shop on level 5 of the Dungeon)

   [ring of protection]

   AC:        It affects your AC (+4).
   Int:       It affects your intelligence (-5).
   Dex:       It affects your dexterity (+5).
   Stlth:     It makes you more stealthy.
 g - a ring of flight (right paw)
 j - an amulet of magic regeneration
Wands
 k - a wand of charming (1)
Scrolls
 c - 3 scrolls of fog
 d - 2 scrolls of amnesia
 f - a scroll of enchant weapon
 i - a scroll of fear
 l - 2 scrolls of identify {@r1}
 n - a scroll of silence
Potions
 h - a potion of curing {@q1}
 m - a potion of attraction
 o - 2 potions of enlightenment
Miscellaneous
 a - a piece from Xom's chessboard (15/15) (quivered)


   Skills:
 - Level 3.0 Fighting
 - Level 10.5 Dodging
 - Level 8.0 Stealth
 - Level 9.4 Unarmed Combat
 + Level 1.1 Spellcasting
 + Level 1.2 Necromancy
 - Level 7.5 Evocations


You had 10 spell levels left.
You didn't know any spells.
Your spell library contained the following spells:

 Spells                   Type           Power      Damage    Failure   Level
 Borgnjor's Vile Clutch   Necr/Erth      1%         N/A       99%         5
 Alistair's Intoxication  Tmut/Pois      0%         N/A       100%        5
 Eringya's Noxious Bog    Tmut/Pois      0%         N/A       100%        6


Dungeon Overview and Level Annotations

Branches:
Dungeon (9/15)             Temple (1/1) D:6            Lair (0/5) D:8
Ossuary (visited)
    Orc: D:9-12

Altars:
Ashenzari
Cheibriados
Dithmenos
Elyvilon
Fedhas
Gozag
Kikubaaqudgha
Nemelex Xobeh
Okawaru
Qazlal
Ru
Sif Muna
Trog
Uskayaw
Wu Jian
Xom
Zin
The Shining One

Shops:
D:5 =   D:8 *

Annotations:
D:6 1 exclusion


Innate Abilities, Weirdness & Mutations

You have sharp claws.
You have razor-sharp teeth.
You have supernaturally acute eyesight. (SInv)
You cover ground quickly. (Speed+)
You are covered in thick fur. (AC +2)
Your paws help you pounce on unaware monsters.
You are incapable of wielding weapons or throwing items.
You cannot wear armour.
You gain extra lives every three experience levels.
You have a pair of small horns on your head.
You are partially covered in iridescent scales. (AC +2)
Your mind is acute. (Int +4, Str/Dex -1)
Your flesh is cold resistant. (rC+)
You are very robust. (+20% HP)
Your spells are a little harder to cast, but a little more powerful.


Message History

Found a snail-covered altar of Cheibriados.
Found 16 gold pieces.
A two-headed ogre comes into view.
It is wielding a +0 giant club and a +0 giant spiked club.
The two-headed ogre shouts in stereo!
Aiming: Charm
Press: ? - help, Shift-Dir - straight line, f - two-headed ogre
Aim: a two-headed ogre, wielding a +0 giant club and a +0 giant spiked club (chance to affect: 50%)
The two-headed ogre is charmed.
You swap places.
Found 11 gold pieces.
Found a stone staircase leading up.
Found a scroll of identify.
l - 2 scrolls of identify {@r1} (gained 1)
You now have enough gold to petition Gozag for potion effects.
You now have 401 gold pieces (gained 11).
The two-headed ogre is no longer charmed.
Aiming: Charm
Press: ? - help, Shift-Dir - straight line, f/p - two-headed ogre
Aim: a two-headed ogre, wielding a +0 giant club and a +0 giant spiked club (chance to affect: 50%)
The two-headed ogre resists with some effort.
Aiming: Charm
Press: ? - help, Shift-Dir - straight line, f/p - two-headed ogre
Aim: a two-headed ogre, wielding a +0 giant club and a +0 giant spiked club (chance to affect: 50%)
The two-headed ogre resists with some effort.
Aiming: Charm
Press: ? - help, Shift-Dir - straight line, f/p - two-headed ogre
Aim: a two-headed ogre, wielding a +0 giant club and a +0 giant spiked club (chance to affect: 50%)
The two-headed ogre resists with some effort.
The two-headed ogre barely misses you.
The two-headed ogre hits you with a +0 giant spiked club!!
Ouch! That really hurt!
Aiming: Charm
Press: ? - help, Shift-Dir - straight line, f/p - two-headed ogre
Aim: a two-headed ogre, wielding a +0 giant club and a +0 giant spiked club (chance to affect: 50%)
The two-headed ogre resists with some effort.
The two-headed ogre misses you.
The two-headed ogre hits you with a +0 giant spiked club!!
Ouch! That really hurt!
You die...
Your body crumbles into a pile of gold.

.....#.... ##....#....
## #.....+$._$
.###.#...#...$ $
#####. ...#...#..$.
#....# ......#####
#....# #.........
#....# #..#....#.
#.@..#####.........
#.O......#.......#.
#....###...........
#....######..#..#..
#.....###...###....
.#..............##..
......................
####..............##..
#####..........#


You could see a two-headed ogre.

Vanquished Creatures
  4 wraiths
  A steam dragon (D:8)
  4 yaks
  2 vampire mosquitoes (D:8)
  Edmund (D:5)
  6 water moccasins
  2 sky beasts
  An ice beast (D:7)
  3 black bears
  A centaur (D:8)
  A phantom (D:5)
  A kobold brigand (D:8)
  3 bullfrogs
  A gnoll sergeant (D:6)
  A scorpion (D:5)
  3 wights (D:7)
  2 howler monkeys (D:7)
  A gnoll bouda (D:7)
  A jelly (D:7)
  3 orc priests
  A sleepcap (D:7)
  4 iguanas
  3 orc wizards
  14 mummies (Ossuary)
  9 gnolls
  4 adders
  An ufetubus (D:5)
  A worm (D:4)
  2 dart slugs
  19 orcs
  4 bats
  5 endoplasms
  A giant cockroach (D:3)
  10 hobgoblins
  2 quokkas
  4 ball pythons
  3 frilled lizards
  2 gnoll skeletons (Ossuary)
  9 goblins
  2 goblin skeletons (Ossuary)
  4 kobolds
  2 kobold skeletons (Ossuary)
  2 orc skeletons (Ossuary)
  11 rats
  11 rat skeletons (Ossuary)
172 creatures vanquished.

Vanquished Creatures (collateral kills)
  A phantom (D:4)
  A sleepcap (D:4)
  An orc wizard (D:8)
  A gnoll (D:1)
  7 orcs
  A ball python (D:4)
  3 goblins (D:3)
  3 hobgoblins (D:3)
18 creatures vanquished.

Vanquished Creatures (others)
  A wyvern (D:4)
  A hound (D:4)
  An orc priest (D:3)
  3 kobolds (D:8)
6 creatures vanquished.

Grand Total: 196 creatures vanquished

Notes
Turn   | Place    | Note
-------+----------+-------------------------------------------
     0 | D:1      | NoAnimeNoLife the Felid Chaos Knight began the quest for
                  | the Orb.
     0 | D:1      | Reached XP level 1. HP: 10/10 MP: 2/2
    70 | D:1      | Reached skill level 1 in Stealth
   139 | D:1      | Reached XP level 2. HP: 14/14 MP: 3/3
   153 | D:1      | XOM: divination: magic mapping
   234 | D:1      | XOM: divination: detect items
   484 | D:1      | XOM: silly message
   507 | D:1      | XOM: summons friendly ufetubus
   514 | D:1      | Reached skill level 4 in Dodging
   529 | D:1      | Reached XP level 3. HP: 17/17 MP: 4/4
   689 | D:1      | XOM: god gift: glaive {god gift}
   748 | D:1      | XOM: cloud trail
   846 | D:2      | Found an iron altar of Okawaru.
   912 | D:2      | XOM: 4-stop teleportation journey
   920 | D:2      | XOM: enchant monster (bad)
   934 | D:2      | XOM: confusion (+ monsters)
   943 | D:2      | Reached XP level 4. HP: 14/21 MP: 5/5
   962 | D:2      | XOM: noise
  1038 | D:1      | XOM: 2-stop teleportation journey
  1071 | D:2      | Found a faded altar of an unknown god.
  1260 | D:2      | XOM: cloud trail
  1975 | D:3      | XOM: 1-stop teleportation journey
  2011 | D:2      | XOM: give mutations
  2011 | D:2      | Gained mutation: You are robust. (+10% HP) [Xom's grace]
  2011 | D:2      | Gained mutation: You are partially covered in iridescent
                  | scales. (AC +2) [Xom's grace]
  2011 | D:2      | Gained mutation: Your flesh is cold resistant. (rC+) [Xom's
                  | grace]
  2011 | D:2      | Gained mutation: You possess an exceptional clarity of
                  | mind. [Xom's grace]
  2058 | D:3      | Reached skill level 5 in Dodging
  2098 | D:3      | XOM: polymorph butterfly -> jackal
  2477 | D:3      | Reached skill level 1 in Evocations
  2517 | D:3      | XOM: polymorph orc wizard -> bullfrog
  2881 | D:4      | Reached XP level 5. HP: 17/26 MP: 6/6
  3255 | D:4      | Noticed a water moccasin
  3257 | D:4      | a water moccasin changed into a wyvern
  3257 | D:4      | Noticed a wyvern
  3257 | D:4      | XOM: polymorph water moccasin -> wyvern
  3258 | D:4      | XOM: summons 5 friendly demons
  3312 | D:4      | Gained mutation: You are covered in thick fur. (AC +2)
                  | [Felid growth]
  3312 | D:4      | Reached XP level 6. HP: 12/30 MP: 7/7
  3334 | D:4      | XOM: silly message
  3444 | D:3      | XOM: summons 3 hostile shadow creatures
  3878 | D:4      | XOM: 3-stop teleportation journey
  3891 | D:4      | XOM: give mutation
  3891 | D:4      | Lost mutation: You possess an exceptional clarity of mind.
                  | [Xom's mischief]
  3913 | D:4      | XOM: summons 6 friendly demons
  4206 | D:4      | XOM: give mutations
  4206 | D:4      | Gained mutation: You have an increased reservoir of magic.
                  | (+10% MP) [Xom's grace]
  4206 | D:4      | Gained mutation: Your mind is acute. (Int +4, Str/Dex -1)
                  | [Xom's grace]
  4232 | D:4      | Found a shimmering blue altar of Sif Muna.
  4330 | D:5      | Entered Level 5 of the Dungeon
  4422 | D:5      | XOM: give mutations
  4422 | D:5      | Gained mutation: You are very robust. (+20% HP) [Xom's
                  | grace]
  4422 | D:5      | Gained mutation: Your spells are a little harder to cast,
                  | but a little more powerful. [Xom's grace]
  4422 | D:5      | Gained mutation: You expend magic power (3 MP) to
                  | strengthen your wands. [Xom's grace]
  4422 | D:5      | Gained mutation: A frigid envelope surrounds you and
                  | freezes all who hurt you. [Xom's grace]
  4457 | D:5      | Found Risuf's Jewellery Emporium.
  4464 | D:5      | XOM: confuse monster(s)
  4475 | D:5      | Reached skill level 6 in Dodging
  4502 | D:5      | Noticed Edmund
  4513 | D:5      | XOM: confusion
  4522 | D:5      | XOM: give mutations
  4522 | D:5      | Gained mutation: You are strong-willed. (Will+) [Xom's
                  | grace]
  4522 | D:5      | Gained mutation: Your natural rate of healing is unusually
                  | fast. [Xom's grace]
  4560 | D:4      | XOM: butterfly on damage
  4567 | D:4      | Reached XP level 7. HP: 29/37 MP: 8/8
  4628 | D:5      | Found a sand-covered staircase.
  4636 | Ossuary  | Entered an ossuary
  5127 | D:5      | Reached skill level 5 in Unarmed Combat
  5180 | D:5      | XOM: give mutations
  5180 | D:5      | Lost mutation: A frigid envelope surrounds you and freezes
                  | all who hurt you. [Xom's mischief]
  5180 | D:5      | Gained mutation: You have hidden genetic defects. [Xom's
                  | mischief]
  5180 | D:5      | Gained mutation: Your mind is very acute. (Int +8, Str/Dex
                  | -2) [Xom's mischief]
  5204 | D:5      | XOM: confusion
  5223 | D:5      | Killed Edmund
  5224 | D:5      | Reached skill level 7 in Dodging
  5240 | D:5      | Lost mutation: You are very robust. (+20% HP) [hidden
                  | defects]
  5286 | D:5      | XOM: noise
  5468 | D:5      | Found a glowing golden altar of the Shining One.
  5672 | D:6      | Found a blossoming altar of Fedhas.
  5731 | D:6      | XOM: smoke on damage
  5737 | D:6      | XOM: confusion
  5741 | D:6      | XOM: swap monsters
  5751 | D:6      | XOM: butterfly on damage
  5753 | D:6      | XOM: 1-stop teleportation journey
  5763 | D:6      | Found a staircase to the Ecumenical Temple.
  5773 | Temple   | XOM: stealth player
  5773 | Temple   | Entered the Ecumenical Temple
  5917 | Temple   | XOM: 2-stop teleportation journey
  5964 | Temple   | Fell from the grace of Xom
  5964 | Temple   | Became a worshipper of Gozag Ym Sagoz the Greedy
  6248 | D:6      | Reached XP level 8. HP: 37/37 MP: 9/9
  6258 | D:6      | Lost mutation: Your mind is very acute. (Int +8, Str/Dex
                  | -2) [hidden defects]
  6258 | D:6      | Lost mutation: You have hidden genetic defects. [hidden
                  | defects expressed]
  6341 | D:6      | Reached skill level 5 in Evocations
  6668 | D:6      | XOM: give mutations
  6668 | D:6      | Lost mutation: You expend magic power (3 MP) to strengthen
                  | your wands. [Xom's mischief]
  6668 | D:6      | Gained mutation: You are very robust. (+20% HP) [Xom's
                  | mischief]
  6668 | D:6      | Lost mutation: You have an increased reservoir of magic.
                  | (+10% MP) [Xom's mischief]
  6681 | D:6      | Found a stormy altar of Qazlal.
  6681 | D:6      | Found a hide-covered altar of Uskayaw.
  6911 | D:7      | XOM: stat loss: -1 Int (19/20)
  6952 | D:7      | Found the +5 scythe "Finisher" {speed, execute}
  6956 | D:7      | XOM: polymorph butterfly -> jackal
  7019 | D:7      | Noticed a skeletal warrior
  7238 | D:7      | XOM: noise
  7351 | D:6      | Slain by a wraith
  7352 | D:6      | Reached XP level 7. HP: 0/37 MP: 8/8
  7565 | D:7      | Reached skill level 8 in Dodging
  7565 | D:7      | Reached XP level 8. HP: 40/40 MP: 9/9
  7904 | D:7      | Reached skill level 9 in Dodging
  8278 | D:7      | XOM: noise
  8670 | D:5      | Bought the ring "Fetiraz" {AC+4 Int-5 Dex+5 Stlth+} for 458
                  | gold pieces
  8733 | D:6      | Reached skill level 10 in Dodging
  9220 | D:7      | XOM: give mutations
  9220 | D:7      | Lost mutation: You are strong-willed. (Will+) [Xom's
                  | mischief]
  9220 | D:7      | Lost mutation: Your natural rate of healing is unusually
                  | fast. [Xom's mischief]
  9220 | D:7      | Gained mutation: You have a pair of small horns on your
                  | head. [Xom's mischief]
  9338 | D:7      | Reached XP level 9. HP: 30/44 MP: 10/10
  9532 | D:7      | XOM: divination: detect creatures
  9763 | D:8      | Identified the +2 quarterstaff "Ybot Fank" {flame, rN+
                  | Int+3}
  9974 | D:8      | XOM: summons 1 hostile demon
  9975 | D:8      | Noticed a soul eater
 10267 | D:7      | XOM: summons 14 hostile demons
 10268 | D:7      | Noticed a sixfirhy
 10301 | D:7      | HP: 1/44 [sixfirhy[Xom] (4)]
 10304 | D:7      | Mangled by a sixfirhy
 10305 | D:7      | Reached XP level 8. HP: -6/40 MP: 9/9
 10676 | D:8      | Reached XP level 9. HP: 24/44 MP: 10/10
 10700 | D:8      | HP: 2/44 [vampire mosquito (6)]
 10705 | D:7      | HP: 2/44 [vampire mosquito (1)]
 10839 | D:6      | XOM: noise
 11332 | D:8      | Found a staircase to the Lair.
 11343 | D:8      | Reached skill level 1 in Necromancy
 11368 | D:8      | Found Midoj's Assorted Antiques.
 11474 | D:9      | Reached skill level 1 in Spellcasting
 11588 | D:9      | Found a snail-covered altar of Cheibriados.
 11597 | D:9      | Noticed a two-headed ogre
 11649 | D:9      | Slain by a two-headed ogre

Illustrated notes

Levels and vault maps discovered:
D:1:      giann_forest_graveyard, layout_basic, serial_bayou_lagoon_a,
          minmay_rat_gold_closets
D:2:      layout_rooms, basic_ecumenical_altar, basic_altar
D:3:      cheibrodos_greedy_goblins, layout_rooms, grunt_decor_resistance
D:4:      layout_basic, general_overflow_altar, minmay_misc_feat_secret_circle,
          chequers_serial_rivers_room_a
D:5:      layout_rooms, tso_altar, serial_shops, nicolae_shop_rolling_square,
          nicolae_ossuary_entry_false_entrances, uniq_edmund
D:6:      layout_loops_cross, nicolae_overflow_two_pavilions, fedhas_altar_4,
          minmay_temple_entry_large_hall, kennysheep_generic_room_3
D:7:      layout_loops_corners, hangedman_decor_lopped,
          minmay_guarded_unrand_finisher
D:8:      layout_rooms, due_lair_maze_entry_diamond, serial_shops, shop,
          minivault_10
D:9:      layout_rooms, mainiacjoe_overflow_catwalk, marbit_many_paths,
          amcnicky_altar_gilded
Temple:   hellmonk_temple_forest_ring

Skill      XL: |  1  2  3  4  5  6  7  8  9 |
---------------+----------------------------+-----
Stealth        | 1 2 3 4 6 7 8 |  8.0
Dodging        | 4 5 6 8 10 | 10.5
Evocations     | 2 4 7 |  7.5
Unarmed Combat | 5 9 8 |  9.4
Necromancy     | 1 |  1.2
Spellcasting   | 1 |  1.1
Fighting       | |  3.0

Action                     |  1- 3 |  4- 6 |  7- 9 || total
---------------------------+-------+-------+-------++-------
  Melee: Unarmed           |    64 |   225 |   570 ||   859
         Bite              |     4 |    28 |    59 ||    91
         Punch             |       |     9 |    26 ||    35
         Headbutt          |       |       |    49 ||    49
  Evoke: Piece from Xom's  |     7 |    13 |    20 ||    40
         Wand              |       |    12 |    16 ||    28
    Use: Scroll            |       |     9 |    12 ||    21
         Potion            |       |     5 |    12 ||    17
   Stab: Sleeping          |    12 |     3 |    20 ||    35
         Distracted        |       |     1 |     2 ||     3
         Betrayed ally     |       |     1 |       ||     1
         Confused          |       |     1 |       ||     1
         Petrifying        |       |     1 |       ||     1
 Armour: Skin              |     1 |    18 |    81 ||   100
  Dodge: Dodged            |    41 |   188 |   669 ||   898

Table legend: (Time is in decaauts)
 A = Elapsed time spent in this place.
 B = Non-inter-level travel time spent in this place.
 C = Inter-level travel time spent in this place.
 D = Time resting spent in this place.
 E = Time spent auto-exploring this place.
 F = Levels seen in this place.
 G = Mean time per level.
                   A        B        C        D        E       F      G
               +--------+--------+--------+--------+--------+-----+--------+
         Total |  10371 |   9952 |    419 |   3316 |   2719 |  11 |  942.8 |
       Dungeon |   9823 |   9404 |    419 |   3280 |   2445 |   9 | 1091.4 |
        Temple |    163 |    163 |      0 |      0 |    115 |   1 |  163.0 |
       Ossuary |    384 |    384 |      0 |     36 |    158 |   1 |  384.0 |
               +--------+--------+--------+--------+--------+-----+--------+

Top non-repeatable levels by time:
     D:7: 2559 daAuts
     D:6: 1645 daAuts
     D:3: 1469 daAuts
     D:4: 1023 daAuts
     D:5: 798 daAuts
     D:1: 788 daAuts
     D:8: 756 daAuts
     D:2: 590 daAuts
 Ossuary: 384 daAuts
     D:9: 190 daAuts
  Temple: 163 daAuts
